 Dungeon Crawl Stone Soup version 0.17.1-2-g5865329 (webtiles) character file.

240 Grim the Shooter (level 5, -2/42 HPs)
             Began as a Minotaur Hunter on Feb 12, 2016.
             Killed by nerve-wracking pain
             ... invoked by an orc priest
              (8 damage)
             ... on level 3 of the Dungeon.
             The game lasted 00:04:31 (2939 turns).

Grim the Shooter (Minotaur Hunter)                  Turns: 2939, Time: 00:04:31

Health: -2/42      AC:  4    Str: 17    XL:     5   Next: 79%
Magic:  4/4        EV: 12    Int:  8    God:
Gold:   120        SH:  0    Dex: 11    Spells: 0 memorised, 4 levels left

rFire  . . .     SeeInvis .     b - +0 short sword
rCold  . . .     Clarity  .     c - +0 leather armour
rNeg   . . .     SustAt   .     (no shield)
rPois  .         Gourm    .     (helmet restricted)
rElec  .         Spirit   .     (no cloak)
rCorr  .         Warding  .     (no gloves)
rMut   .         Stasis   .     q - +0 pair of boots
MR     .....                    (no amulet)
Stlth  +.........               (no ring)
                                (no ring)

@: not resistant to hostile enchantments, very unstealthy
A: retaliatory headbutt, horns 2, talons 1
a: no special abilities


You were on level 3 of the Dungeon.
You were hungry.

You visited 1 branch of the dungeon, and saw 3 of its levels.

You collected 120 gold pieces.

Inventory:

Hand Weapons
 a - a +1 shortbow
 b - a +0 short sword (weapon)
Missiles
 d - 17 arrows
Armour
 c - a +0 leather armour (worn)
 q - a +0 pair of boots (worn)
Jewellery
 p - an uncursed ring of flight {unknown}
Scrolls
 g - 3 scrolls of enchant weapon
 i - a scroll of blinking {unknown}
 l - a scroll of noise {unknown}
 n - a scroll of random uselessness
 o - a scroll of remove curse {unknown}
 s - 2 scrolls of identify
Potions
 m - a potion of poison {!q}
Comestibles
 e - 2 bread rations
 h - a beef jerky
 k - 2 meat rations


   Skills:
 - Level 2.4 Fighting
 + Level 7.8 Bows
 - Level 2.1 Dodging
 - Level 0.7 Stealth


You had 4 spell levels left.
You didn't know any spells.

Dungeon Overview and Level Annotations

Branches:
Dungeon (3/15)

Altars:


Innate Abilities, Weirdness & Mutations

You reflexively headbutt those who attack you in melee.
You have a pair of horns on your head.
You have sharp toenails.


Message History

Unknown command.
Drink which item? (? for menu, Esc to quit)
It was a potion of beneficial mutation.
Your toenails lengthen and sharpen.
You feel fantastic! The hippogriff closely misses you. You furiously retaliate!
You headbutt the hippogriff.
You kill the hippogriff!
Your Bows skill increases to level 7!
You have reached level 5!
Read which item? (? for menu, Esc to quit)
As you read the scroll of fog, it crumbles to dust.
The scroll dissolves into smoke.
Read which item? (? for menu, Esc to quit)
As you read the scroll labeled TIERAOS NUURCH, it crumbles to dust.
It is a scroll of identify.
Identify which item? (\ to view known items) (? for menu, Esc to quit)
g - 3 scrolls of enchant weapon The orc priest calls down the wrath of Beogh upon you.
Pain shoots through your body!
You die...

##..o####
#(##
##.....##
#(.##
##.......##
#(..##
#.........#
.....
+.........'
#(..
#.........#
#o§
##.....).##
#o# ##.....##
###@# ##...##
#§§§# ##'## #
#§### #.#
#.##.### #.#
#......######
##.##
#.##........#
##...## #
#...####.#
#.....#
#...####.#
##...####
#...†..#.#
##.....b


You could see an orc priest and an orc wizard.

Vanquished Creatures
  A hippogriff (D:3)
  An orc wizard (D:3)
  A gnoll (D:1)
  3 adders (D:2)
  2 giant geckos (D:3)
  5 orcs (D:3)
  3 bats
  A giant cockroach (D:1)
  5 hobgoblins
  5 kobolds
  5 giant newts
  8 goblins
  8 rats
48 creatures vanquished.

Notes
Turn   | Place    | Note
--------------------------------------------------------------
     0 | D:1      | Grim the Minotaur Hunter began the quest for the Orb.
     0 | D:1      | Reached XP level 1. HP: 18/18 MP: 0/0
   139 | D:1      | Reached skill level 5 in Bows
   139 | D:1      | Reached XP level 2. HP: 25/25 MP: 1/1
   886 | D:1      | Reached XP level 3. HP: 27/30 MP: 2/2
  1515 | D:2      | Reached skill level 6 in Bows
  2305 | D:3      | Reached XP level 4. HP: 37/37 MP: 3/3
  2636 | D:3      | Noticed a hippogriff
  2937 | D:3      | Gained mutation: You have sharp toenails. [potion of beneficial mutation]
  2937 | D:3      | Killed a hippogriff
  2937 | D:3      | Reached skill level 7 in Bows
  2937 | D:3      | Reached XP level 5. HP: 5/42 MP: 4/4
  2939 | D:3      | Killed from afar by an orc priest

Action                   |  1- 3 |  4- 6 || total
-------------------------+-------+-------++-------
Melee: Short sword       |    22 |    22 ||    44
 Fire: Shortbow          |    92 |    32 ||   124
  Use: Potion            |     1 |     3 ||     4
       Scroll            |       |     4 ||     4
  Eat: Bread ration      |     1 |       ||     1
       Chunk             |     1 |       ||     1
